 Dungeon Crawl Stone Soup version 0.29.1-1-gd02db6906a (webtiles) character file.

Game seed: 14935339798441846267

23 Demigod47 the Shield-Bearer (level 2, -1/27 HPs)
             Began as a Minotaur Fighter on Oct 7, 2022.
             Slain by Sigmund
             ... wielding a +0 scythe
              (4 damage)
             ... on level 2 of the Dungeon.
             The game lasted 00:01:35 (643 turns).

Demigod47 the Shield-Bearer (Minotaur Fighter)       Turns: 643, Time: 00:01:36

Health: -1/27      AC:  7    Str: 19    XL:     2   Next: 75%
Magic:  1/1        EV:  9    Int:  9    God:
Gold:   10         SH:  4    Dex:  8    Spells: 1/1 levels left

rFire   . . .      SeeInvis .   a - +0 war axe
rCold   . . .      Faith    .   c - +0 buckler
rNeg    . . .      Spirit   .   b - +0 scale mail
rPois   .          Reflect  .   (helmet unavailable)
rElec   .          Harm     .   (no cloak)
rCorr   .          Rampage  .   (no gloves)
Will    .....                   (no boots)
Stlth   ..........              (no amulet)
HPRegen 0.09/turn               (no ring)
MPRegen 0.07/turn               (no ring)

@: no status effects
A: horns 3, retaliatory headbutt, clever 1
a: no special abilities


You were on level 2 of the Dungeon.
You visited 1 branch of the dungeon, and saw 2 of its levels.

You collected 10 gold pieces.

Inventory:

Hand Weapons
 a - a +0 war axe (weapon)
Armour
 b - a +0 scale mail (worn)
 c - a +0 buckler (worn)
Scrolls
 g - a scroll of amnesia {unknown}
 i - a scroll of magic mapping {unknown}
Potions
 d - 2 potions of might
 e - a potion of lignification


   Skills:
 + Level 4.0 Fighting
 + Level 2.6 Axes
 + Level 4.0 Armour
 + Level 0.2 Dodging
 + Level 4.0 Shields


You had one spell level left.
You didn't know any spells.
Your spell library contained the following spells:

 Spells                   Type           Power      Damage    Failure   Level
 Dazzling Flash           Conj/Hex       0%         N/A       99%         3
 Iskenderun's Mystic Bla  Conj/Tloc      0%         2d3       100%        4
 Starburst                Conj/Fire      0%         6d3       100%        6


Dungeon Overview and Level Annotations

Branches:
Dungeon (2/15)

Altars:

Annotations:
D:2 Sigmund


Innate Abilities, Weirdness & Mutations

You have a pair of large horns on your head.
You reflexively headbutt those who attack you in melee.
Your mind is acute. (Int +4, Str/Dex -1)


Message History

Done exploring.
There is a stone staircase leading down here.
You climb downwards.
The ball python hisses angrily.
The hobgoblin shouts! x2
Found a scroll labelled LOICYT QELUD.
Found a stone staircase leading down.
There is a stone staircase leading up here.
Sigmund the Dreaded comes into view.
He is wielding a +0 scythe and carrying a wand of light (3).
You slash the ball python!
You kill the ball python!
You hit the hobgoblin. Your headbutt misses the hobgoblin.
The hobgoblin is severely wounded.
The hobgoblin hits you but does no damage.
You block the hobgoblin's attack.
Sigmund mumbles some strange words.
Sigmund flickers and vanishes!
Deactivating autopickup; reactivate with Ctrl-A.
The hobgoblin hits you. You block the hobgoblin's attack.
The hobgoblin barely misses you. You furiously retaliate!
You headbutt the hobgoblin.
You kill the hobgoblin!
The hobgoblin hits you but does no damage.
Found a sling.
You hear a zap.
A bolt of light appears from out of thin air!
The bolt of light hits you!
You barely miss the hobgoblin.
The hobgoblin hits you but does no damage.
The hobgoblin hits you.
You hit the hobgoblin. You headbutt the hobgoblin.
You kill the hobgoblin!
Something hits you.
* * * LOW HITPOINT WARNING * * *
Your Armour skill increases to level 4!
You hear some strange, mumbled words.
A magic dart appears from out of thin air!
The magic dart hits you.
* * * LOW HITPOINT WARNING * * *
You see here a hobgoblin corpse.
You miss something. Something hits you.
You die...

## . #.#
#.##########.#
#........>..#
#.##..†.{@.#
#.......<.#.#
#.#..........#
#.......#.#.#
#..#.....##.#).#
.. ##...## .#
#.# . #...# .#
#.. ?.... ^# #.
......


There were no monsters in sight!

Vanquished Creatures
  An endoplasm (D:1)
  A giant cockroach (D:1)
  3 goblins (D:1)
  4 hobgoblins
  4 ball pythons
  4 bats (D:1)
  3 kobolds (D:1)
  A rat (D:1)
21 creatures vanquished.

Notes
Turn   | Place    | Note
-------+----------+-------------------------------------------
     0 | D:1      | Demigod47 the Minotaur Fighter began the quest for the Orb.
     0 | D:1      | Reached XP level 1. HP: 19/19 MP: 0/0
    99 | D:1      | Reached XP level 2. HP: 24/27 MP: 1/1
   292 | D:1      | Gained mutation: Your mind is acute. (Int +4, Str/Dex -1)
                  | [potion of mutation]
   292 | D:1      | Gained mutation: You have a pair of large horns on your
                  | head. [potion of mutation]
   631 | D:2      | Noticed Sigmund
   643 | D:2      | Slain by Sigmund

Illustrated notes

Levels and vault maps discovered:
D:1:      erik_arrival_orb_chamber, layout_rooms
D:2:      layout_loops_ring, minivault_5, uniq_natasha, uniq_terence,
          uniq_sigmund

Skill      XL: |  1  2 |
---------------+-------+-----
Shields        | 4 |  4.0
Fighting       | 4 |  4.0
Armour         | 4 |  4.0
Axes           | |  2.6
Dodging        | |  0.2

Action                   || total
-------------------------++-------
Melee: War axe           ||    43
       Headbutt          ||     5
  Use: Potion            ||     4
Armor: Scale mail        ||    37
Dodge: Dodged            ||    39
Block: Buckler           ||    24
